 Dungeon Crawl Stone Soup version 0.19.1-1-g22dce08 (webtiles) character file.

23 McKennaii the Magician (level 2, 0/17 HPs)
             Began as a High Elf Wizard on Jan 6, 2017.
             Slain by an adder (2 damage)
             ... on level 2 of the Dungeon.
             The game lasted 00:03:03 (593 turns).

McKennaii the Magician (High Elf Wizard)             Turns: 593, Time: 00:03:04

Health: 0/17       AC:  2    Str:  6    XL:     2   Next: 75%
Magic:  1/8        EV: 12    Int: 21    God:
Gold:   38         SH:  0    Dex: 13    Spells: 4 memorised, 2 levels left

rFire  . . .     SeeInvis .     (no weapon)
rCold  . . .     Gourm    .     a - +0 robe
rNeg   . . .     Faith    .     (no shield)
rPois  .         Spirit   .     b - +0 hat
rElec  .         Reflect  .     (no cloak)
rCorr  .         Harm     .     (no gloves)
MR     .....                    (no boots)
Stlth  ++........               (no amulet)
                                (no ring)
                                (no ring)

@: very slightly contaminated
A: no striking features
a: no special abilities


You were on level 2 of the Dungeon.
You were not hungry.

You visited 1 branch of the dungeon, and saw 2 of its levels.

You collected 38 gold pieces.

Inventory:

Armour
 a - a +0 robe (worn)
 b - a +0 hat (worn)
Scrolls
 e - 4 scrolls of remove curse {unknown}
 f - a scroll of fear {unknown}
 g - a scroll of blinking {unknown}
 i - a scroll of identify {unknown}
 k - a scroll of noise {unknown}
Potions
 h - a potion of cancellation {unknown}
 j - 2 potions of resistance {unknown}
 l - 2 potions of curing {unknown}
Books
 c - a book of Minor Magic

   Spells                             Type                      Level
   a - Magic Dart                     Conjuration                  1
   b - Blink                          Translocation                2
   c - Call Imp                       Summoning                    2
   d - Repel Missiles                 Charms/Air                   2
   e - Slow                           Hexes                        2
   f - Conjure Flame                  Conjuration/Fire             3
   g - Mephitic Cloud                 Conjuration/Poison/Air       3
Comestibles
 d - a bread ration
 m - 2 meat rations
 n - 2 fruits


   Skills:
 + Level 2.3 Dodging
 + Level 2.4 Stealth
 + Level 4.4 Spellcasting
 + Level 1.3 Conjurations
 + Level 0.8 Summonings
 + Level 1.1 Translocations


You had 2 spell levels left.
You knew the following spells:

 Your Spells              Type           Power        Failure   Level  Hunger
a - Magic Dart            Conj           ##..         10%         1    None
b - Call Imp              Summ           #.......     14%         2    #......
c - Blink                 Tloc           N/A          12%         2    #......
d - Slow                  Hex            #.......     17%         2    #......


Dungeon Overview and Level Annotations

Branches:
Dungeon (2/15)

Altars:


Message History

The adder bites you.
* * * LOW HITPOINT WARNING * * *
The adder bites you but does no damage.
Casting: Magic Dart
Confirm with . or Enter, or press ? or * to list all spells.
A beastly little devil appears in a puff of flame.
The adder closely misses you. The adder barely misses you.
Your crimson imp closely misses the adder.
Your crimson imp closely misses the adder.
The adder bites you.
* * * LOW HITPOINT WARNING * * *
Your crimson imp blinks!
The adder closely misses you. The adder misses you. The adder bites you.
* * * LOW HITPOINT WARNING * * *
A hobgoblin comes into view. It is wielding a club.
Your crimson imp blinks!
The adder bites you.
You die...

####.....# #.#.#
#.....# #.#.# #
#.....# #.#.####.#
###########.#.......
#.............#
#........######
#........# .#
######'#.#..#
#######.#@...#
#..ยง....S.##.#
#.#####5#.......
#.......#..#.###
###.....#......
#.###.#.##.# #
#.###.#.# .#
#######.#...#.# #
#.......5..<#.g


You could see an adder and a friendly crimson imp.

Vanquished Creatures
  A dart slug (D:2)
  A giant cockroach (D:2)
  3 goblins (D:1)
  3 hobgoblins
  A quokka (D:2)
  A ball python (D:1)
  6 bats
  A frilled lizard (D:1)
  3 rats
20 creatures vanquished.

Notes
Turn   | Place    | Note
-------+----------+-------------------------------------------
     0 | D:1      | McKennaii the High Elf Wizard began the quest for the Orb.
     0 | D:1      | Reached XP level 1. HP: 11/11 MP: 6/6
    96 | D:1      | Reached skill level 4 in Spellcasting
   176 | D:1      | Reached XP level 2. HP: 17/17 MP: 5/8
   180 | D:1      | Learned a level 2 spell: Call Imp
   183 | D:1      | Learned a level 2 spell: Blink
   186 | D:1      | Learned a level 2 spell: Slow
   593 | D:2      | Slain by an adder

Skill      XL: |  1 |
---------------+----+-----
Spellcasting   | 4 |  4.4
Dodging        | |  2.3
Stealth        | |  2.4
Conjurations   | |  1.3
Summonings     | |  0.8
Translocations | |  1.1

Action                   || total
-------------------------++-------
Melee: Unarmed           ||     6
 Cast: Magic Dart        ||    40
       Call Imp          ||     1
Armor: Robe              ||     6
Dodge: Dodged            ||    15
